 Dungeon Crawl Stone Soup version 0.19-a0-1878-gcbc8a98 (webtiles) character file.

114 rgaf the Sneak (level 5, -2/35 HPs)
             Began as a Halfling Assassin on Oct 13, 2016.
             Slain by a gnoll
             ... wielding a +0 whip
              (9 damage)
             ... on level 3 of the Dungeon.
             The game lasted 00:03:36 (2863 turns).

rgaf the Sneak (Halfling Assassin)                  Turns: 2863, Time: 00:03:37

Health: -2/35      AC:  3    Str: 12    XL:     5   Next: 19%
Magic:  5/5        EV: 15    Int: 10    God:
Gold:   159        SH:  0    Dex: 16    Spells: 0 memorised, 4 levels left

rFire  + . .     SeeInvis .     a - +1 dagger (elec)
rCold  . . .     Gourm    .     B - +0 robe (curse)
rNeg   . . .     Faith    .     (shield restricted)
rPois  .         Spirit   .     (no helmet)
rElec  .         Dismiss  .     d - +0 cloak
rCorr  .         Reflect  .     (no gloves)
MR     .....     Harm     .     (no boots)
Stlth  +++.......               (no amulet)
                                (no ring)
                                y - ring of protection from fire

@: no status effects
A: mutation resistance 1
a: no special abilities


You were on level 3 of the Dungeon.
You were not hungry.

You visited 1 branch of the dungeon, and saw 3 of its levels.

You collected 159 gold pieces.

Inventory:

Hand Weapons
 a - a +1 dagger of electrocution (weapon)
 b - a +0 blowgun
 A - a +2 dagger
Missiles
 e - 20 poisoned needles
 f - 2 curare-tipped needles
Armour
 c - a +0 robe
 d - a +0 cloak (worn)
 s - a +0 pair of gloves
 B - a cursed +0 robe (worn)
Jewellery
 y - a ring of protection from fire (left hand)
Scrolls
 i - a scroll of amnesia {unknown}
 j - 4 scrolls of teleportation {unknown}
 m - a scroll of remove curse {unknown}
 p - a scroll of noise {unknown}
 q - a scroll of identify {unknown}
 w - a scroll of enchant armour {unknown}
 x - a scroll of fog {unknown}
Potions
 k - a potion of curing {unknown}
 l - 2 potions of heal wounds {unknown}
 o - a potion of cure mutation {unknown}
 r - a potion of brilliance {unknown}
 t - a potion of haste {unknown}
 v - 4 potions of resistance {unknown}
Books
 u - a book of Changes

   Spells                             Type                      Level
   a - Beastly Appendage              Transmutation                1
   b - Sticks to Snakes               Transmutation                2
   c - Spider Form                    Transmutation/Poison         3
   d - Ice Form                       Ice/Transmutation            4
   e - Blade Hands                    Transmutation                5
Comestibles
 g - 2 bread rations
 h - 2 meat rations
 n - a slice of pizza


   Skills:
 + Level 2.4 Fighting
 * Level 3.5 Short Blades
 + Level 2.4 Throwing
 + Level 2.3 Dodging
 * Level 5.2 Stealth


You had 4 spell levels left.
You didn't know any spells.

Dungeon Overview and Level Annotations

Branches:
Dungeon (3/15)

Altars:


Innate Abilities, Weirdness & Mutations

You are small and have problems with some larger weapons.
You are somewhat resistant to further mutation.


Message History

You barely miss the gnoll. You closely miss the gnoll.
The gnoll hits you with a whip.
You hit the gnoll but do no damage. The gnoll hits you with a whip.
You hit the gnoll.
The gnoll is lightly wounded.
The gnoll misses you.
You hit the gnoll.
The gnoll is lightly wounded.
The gnoll hits you but does no damage.
You hit the gnoll.
The gnoll is moderately wounded.
The gnoll hits you with a whip!
You barely miss the gnoll.
The gnoll is moderately wounded.
You hit the gnoll.
The gnoll is heavily wounded.
The gnoll hits you with a whip!
* * * LOW HITPOINT WARNING * * *
The gnoll hits you with a whip!
You die...

.####.#.# #.>.......#.# ##.##
......#.# #####.#.....# #.#
#######<# #.####### #.# #.# #.#
##'## #.## ##.## ##...# # ##..#
##...## ##..... ## ##.#.# #.#...#
##......
.####...>#########....####.......
.'.............g@........'.......
.####.).<###.######..(####.......
## ##.#..##.# ##.## ##......
######.##.##.# #.# ##.....
.....#.......# #.# ##...#
####.####.#### ####.# ##'## #.#
#.# #....#########.# ####.####.#
#.##........##.## #.........#
#.##.#...........


You could see a gnoll.

Vanquished Creatures
  3 gnolls
  2 adders
  2 worms
  A dart slug (D:1)
  3 leopard geckos
  4 orcs (D:3)
  8 bats
  A giant cockroach (D:1)
  5 goblins
  5 hobgoblins
  10 kobolds
  A quokka (D:3)
  3 frilled lizards
  4 rats
52 creatures vanquished.

Notes
Turn   | Place    | Note
-------+----------+-------------------------------------------
     0 | D:1      | rgaf the Halfling Assassin began the quest for the Orb.
     0 | D:1      | Reached XP level 1. HP: 14/14 MP: 1/1
    98 | D:1      | Reached XP level 2. HP: 13/19 MP: 2/2
   548 | D:1      | Reached XP level 3. HP: 15/24 MP: 3/3
  1271 | D:2      | Reached skill level 5 in Stealth
  1271 | D:2      | Reached XP level 4. HP: 25/29 MP: 4/4
  2426 | D:3      | Reached XP level 5. HP: 35/35 MP: 5/5
  2863 | D:3      | Slain by a gnoll

Vault maps used:
D:1:      lemuel_arrival_tunnels, kennysheep_pointless_box
D:2:      minmay_misc_feat_roman

Skill      XL: |  1  2  3  4 |
---------------+-------------+-----
Fighting       | 2 |  2.4
Short Blades   | 3 |  3.5
Stealth        | 5 |  5.2
Dodging        | 2 |  2.3
Throwing       | |  2.4

Action                   |  1- 3 |  4- 6 || total
-------------------------+-------+-------++-------
Melee: Dagger            |   120 |    87 ||   207
 Fire: Blowgun           |       |    22 ||    22
 Stab: Sleeping          |     4 |     4 ||     8
  Eat: Chunk             |     1 |     5 ||     6
Armor: Robe              |    18 |    12 ||    30
Dodge: Dodged            |    83 |    59 ||   142
